 Dungeon Crawl Stone Soup version 0.31-a0-963-ga325b2283a (webtiles) character file.

Game seed: 13948564549719203535

102 MacCMillion the Ruffian (level 4, 0/29 HPs)
             Began as an Octopode Shapeshifter on Oct 25, 2023.
             Killed from afar by Natasha (6 damage)
             ... with a magic dart
             ... on level 3 of the Dungeon.
             The game lasted 00:02:01 (1721 turns).

MacCMillion the Ruffian (Octopode Shapeshifter)     Turns: 1721, Time: 00:02:02

Health: 0/29       AC:  1    Str: 15    XL:     4   Next: 78%
Magic:  4/4        EV: 13    Int: 12    God:
Gold:   67         SH:  0    Dex: 11    Spells: 3/3 levels left

rFire   + .          .
                       - Unarmed
rCold   . . .        (no shield)
rNeg    . . .        (helmet currently unavailable)
rPois   .            k - amulet of magic regeneration
rElec   .            l - ring of protection from fire
rCorr   .            (no ring)
SInv    .            (no ring)
Will    .....        (no ring)
Stlth   ++           (no ring)
HPRegen 0.24/turn    (no ring)
MPRegen 0.49/turn    (no ring)
                     (no ring)

%: no passive effects
@: beast-form
A: beast (slay +1), almost no armour, amphibious, 8 rings, camouflage 1,
gelatinous body 1, (nimble swimmer 1), tentacles
a: Begin Untransformation


You were on level 3 of the Dungeon.
You were a hulking beast.
You visited 1 branch of the dungeon, and saw 3 of its levels.

You collected 97 gold pieces.
You spent 30 gold pieces at shops.

Inventory:

Jewellery
 k - an amulet of magic regeneration (around mantle)
 l - a ring of protection from fire (left tentacle)
Talismans
 b - a beast talisman
 c - a flux talisman
Scrolls
 d - 2 scrolls of revelation {unknown}
 f - a scroll of identify {unknown}
 g - 2 scrolls of immolation {unknown}
 h - 2 scrolls of enchant armour {unknown}
 j - a scroll of blinking {unknown}
 n - a scroll of amnesia {unknown}
 o - a scroll of summoning {unknown}
 q - a scroll of vulnerability {unknown}
 r - a scroll of fog {unknown}
Potions
 a - a potion of lignification
 e - a potion of resistance {unknown}
 i - a potion of brilliance {unknown}
 m - a potion of ambrosia {unknown}
 p - a potion of curing
 s - 2 potions of degeneration {unknown}
 t - a potion of enlightenment {unknown}


   Skills:
 + Level 2.0 Fighting
 + Level 2.7 Dodging
 * Level 4.1 Unarmed Combat
 + Level 3.4 Shapeshifting


You had 3 spell levels left.
You didn't know any spells.
Your spell library was empty.

Dungeon Overview and Level Annotations

Branches:
Dungeon (3/15)

Altars:
Vehumet

Shops:
D:2 !

Annotations:
D:3 Natasha


Innate Abilities, Weirdness & Mutations

You are a hulking beast.
Your limbs bulge with bestial killing power. (Slay +1)
You cannot wear most types of armour.
You are amphibious.
You can wear up to eight rings at the same time.
Your skin changes colour to match your surroundings (Stealth+).
Your rubbery body absorbs attacks. (AC +1, EV +1)
((You are camouflaged when in or above water. (Stealth+)))
You have tentacles for arms and can constrict up to eight enemies at once.


Message History

The hobgoblin hits you.
You tentacle-slap the hobgoblin.
The hobgoblin is severely wounded.
You constrict the hobgoblin. The hobgoblin hits you.
You tentacle-slap the hobgoblin but do no damage.
The hobgoblin is almost dead.
You constrict the hobgoblin.
You kill the hobgoblin!
s - 2 emerald potions
There is a stone staircase leading up here.
You see here a rat corpse.
There is a stone staircase leading up here.
There is a stone staircase leading up here.
t - a dark potion
Found 2 stones.
g - 2 scrolls labelled WANGEA XIENA (gained 1) Natasha, Servant of Life and Death comes into view.
Natasha hisses angrily.
You hear a shout!
Natasha is nearby!
Natasha is nearby!
Natasha is nearby!
A kobold and a giant cockroach come into view.
The kobold is wielding a +1 whip of electrocution and quivering poisoned darts.
Natasha mumbles some strange words.
Natasha stares at you and mumbles some strange words.
The magic dart hits you!
Natasha stares at you and mumbles some strange words.
The magic dart hits you.
Natasha stares at you and mumbles some strange words.
The magic dart hits you. Natasha casts a spell at you. The magic dart hits you!
* * * LOW HITPOINT WARNING * * *
Natasha stares at you and mumbles some strange words.
The magic dart hits you.
* * * LOW HITPOINT WARNING * * *
Natasha casts a spell at you. The magic dart hits you.
You die...
Natasha curls up and begins to purr.

....#.######
##.# ####<##
#.# #.# #.# #.#
#h# #.# #.# #.#
#.# #.# #.# #.#
#.# #.# #h# #.#
#.# #.# #.#
#.###########.#
#.............#
###############


You could see Natasha.

Vanquished Creatures
  An iguana (D:3)
  3 adders
  A worm (D:3)
  2 dart slugs (D:1)
  An orc (D:3)
  5 ball pythons
  4 bats
  3 endoplasms
  3 giant cockroaches
  4 goblins
  3 hobgoblins
  5 kobolds
  A quokka (D:2)
  3 frilled lizards
  5 rats
44 creatures vanquished.

Notes
Turn   | Place    | Note
-------+----------+-------------------------------------------
     0 | D:1      | MacCMillion the Octopode Shapeshifter began the quest for
                  | the Orb.
     0 | D:1      | Reached XP level 1. HP: 13/13 MP: 1/1
   135 | D:1      | Reached XP level 2. HP: 18/18 MP: 2/2
   165 | D:1      | Found a faded altar of an unknown god.
   868 | D:2      | Reached XP level 3. HP: 20/23 MP: 3/3
  1225 | D:2      | Reached XP level 4. HP: 29/29 MP: 4/4
  1232 | D:2      | Found Soghy's Distillery.
  1246 | D:2      | Bought a potion of curing for 30 gold pieces
  1449 | D:3      | Reached skill level 4 in Unarmed Combat
  1497 | D:3      | Found a radiant altar of Vehumet.
  1693 | D:3      | Noticed Natasha
  1721 | D:3      | Killed from afar by Natasha

Illustrated notes

Levels and vault maps discovered:
D:1:      dpeg_arrival_concentric_ovals, layout_basic,
          shapermc_ecumenical_altar_venn, st_stairs_1
D:2:      layout_rooms, serial_shops, nicolae_shop_tiny_real_fake_doors
D:3:      layout_loops_ring, grunt_dithmenos_smoke_and_mirrors,
          nicolae_wu_jian_immortal_techniques, mainiacjoe_overflow_big_doors,
          minmay_misc_feat_rows, uniq_crazy_yiuf_cottage, uniq_natasha,
          uniq_grinder

Skill      XL: |  1  2  3  4 |
---------------+-------------+-----
Unarmed Combat | 4 |  4.1
Fighting       | 2 |  2.0
Dodging        | |  2.7
Shapeshifting  | |  3.4

Action                     |  1- 3 |  4- 6 || total
---------------------------+-------+-------++-------
  Melee: Unarmed           |    67 |    22 ||    89
         Constrict         |    19 |     6 ||    25
         Tentacles         |    10 |     6 ||    16
         Punch             |       |     1 ||     1
   Stab: Sleeping          |    10 |     1 ||    11
 Armour: Skin              |    22 |    13 ||    35
  Dodge: Dodged            |    27 |     8 ||    35

Table legend: (Time is in decaauts)
 A = Elapsed time spent in this place.
 B = Non-inter-level travel time spent in this place.
 C = Inter-level travel time spent in this place.
 D = Time resting spent in this place.
 E = Time spent auto-exploring this place.
 F = Levels seen in this place.
 G = Mean time per level.
                   A        B        C        D        E       F      G
               +--------+--------+--------+--------+--------+-----+--------+
         Total |   1713 |   1675 |     38 |      0 |   1366 |   3 |  571.0 |
       Dungeon |   1713 |   1675 |     38 |      0 |   1366 |   3 |  571.0 |
               +--------+--------+--------+--------+--------+-----+--------+

Top non-repeatable levels by time:
     D:1: 816 daAuts
     D:2: 496 daAuts
     D:3: 401 daAuts
